 Dungeon Crawl Stone Soup version 0.24-a0-84-g25a2d9f (webtiles) character file.

Game seed: 3044938098349884139

12667 slphil the Carver (level 11, -5/80 HPs)
             Began as a Barachi Fighter on Feb 7, 2019.
             Was an Elder of Cheibriados.
             Hit by a large rock thrown by a cyclops (26 damage)
             ... on level 11 of the Dungeon.
             The game lasted 00:36:44 (10494 turns).

slphil the Carver (Barachi Fighter)                Turns: 10494, Time: 00:36:44

Health: -5/80      AC: 16    Str: 28    XL:     11   Next: 96%
Magic:  8/15       EV: 12    Int: 19    God:    Cheibriados [****..]
Gold:   491        SH: 18    Dex: 30    Spells: 10/10 levels left

rFire    . . .     SeeInvis .   J - +4 hunting sling (velocity)
rCold    + . .     Gourm    .   c - +0 shield
rNeg     . . .     Faith    .   m - +0 chain mail
rPois    .         Spirit   .   w - +0 helmet
rElec    .         Reflect  +   g - +0 cloak
rCorr    .         Harm     .   (no gloves)
MR       .....                  (no boots)
Stlth    ..........             v - +4 amulet of reflection
HPRegen  0.23/turn              k - ring of protection from cold
MPRegen  0.14/turn              n - +4 ring of dexterity

@: can't hop, very slow
A: +LOS, swims, thin metallic scales 1, agile 1, frail 1, slowness 1, strong
legs 1
a: Hop, Bend Time, Temporal Distortion, Slouch, Renounce Religion


You were on level 11 of the Dungeon.
You worshipped Cheibriados.
Cheibriados was greatly pleased with you.
You were hungry.

You visited 2 branches of the dungeon, and saw 12 of its levels.
You also visited: Ossuary.

You collected 611 gold pieces.
You spent 120 gold pieces at shops.

Inventory:

Hand Weapons
 a - a +1 long sword
 J - a +4 hunting sling of velocity (weapon)
 R - a +2 falchion of freezing
Missiles
 M - 72 sling bullets (quivered)
Armour
 c - a +0 shield (worn)
 g - a +0 cloak (worn)
 m - a +0 chain mail (worn)
 w - a +0 helmet (worn)
Jewellery
 k - a ring of protection from cold (left hand)
 n - a +4 ring of dexterity (right hand)
 v - a +4 amulet of reflection (around neck)
 A - an uncursed ring of resist corrosion
 B - an uncursed ring of magical power
Wands
 d - a wand of flame (16)
 N - a wand of paralysis (10)
Scrolls
 o - 12 scrolls of teleportation
 q - 3 scrolls of enchant weapon
 s - 4 scrolls of amnesia
 t - 3 scrolls of fog
 u - 3 scrolls of magic mapping
 x - 4 scrolls of blinking
 y - a scroll of fear
 z - a scroll of enchant armour {unknown}
 E - a scroll of summoning {unknown}
 F - 4 scrolls of immolation {unknown}
 G - 5 scrolls of random uselessness {unknown}
 H - 5 scrolls of identify
 I - a scroll of remove curse
 K - a scroll of holy word {unknown}
 L - a scroll of vulnerability {unknown}
 P - a scroll of noise {unknown}
Potions
 b - 3 potions of mutation
 e - 2 potions of agility
 h - 2 potions of curing
 i - 5 potions of flight
 j - a potion of berserk rage {unknown}
 l - 3 potions of heal wounds {unknown}
 p - 6 potions of haste {unknown}
 r - 2 potions of resistance
 C - a potion of might
 D - 2 potions of ambrosia {unknown}
 O - a potion of brilliance {unknown}
Comestibles
 f - 31 rations
 Q - 9 chunks of flesh


   Skills:
 + Level 9.0 Fighting
 - Level 14.1 Long Blades
 * Level 0.0 Slings
 + Level 9.0 Armour
 - Level 5.0 Dodging
 + Level 8.2 Shields
 + Level 6.0 Invocations


You had 10 spell levels left.
You didn't know any spells.
Your spell library contained the following spells:

 Spells                   Type           Power        Failure   Level  Hunger
 Animate Skeleton         Necr           N/A          91%         1    ##.....
 Apportation              Tloc           #.....       91%         1    ##.....
 Confusing Touch          Hex            #.....       91%         1    ##.....
 Magic Dart               Conj           #...         91%         1    ##.....
 Summon Small Mammal      Summ           #...         91%         1    ##.....
 Poisonous Vapours        Pois/Air       #.....       97%         2    ###....
 Searing Ray              Conj           #.....       97%         2    ###....
 Conjure Flame            Conj/Fire      #.......     100%        3    ####...
 Dazzling Spray           Conj/Hex       #.....       100%        3    ####...
 Mephitic Cloud           Conj/Pois/Air  #.......     100%        3    ####...
 Force Lance              Conj/Tloc      #.......     100%        4    #####..
 Fulminant Prism          Conj/Hex       #.........   100%        4    #####..
 Iskenderun's Mystic Bla  Conj           #.......     100%        4    #####..
 Freezing Cloud           Conj/Ice/Air   #.........   100%        6    #######
 Ring of Flames           Chrm/Fire      #.........   100%        7    #######


Dungeon Overview and Level Annotations

Branches:
Dungeon (11/15)            Temple (1/1) D:5            Lair (0/6) D:10
    Orc: D:9-12

Altars:
Ashenzari
Cheibriados
Dithmenos
Elyvilon
Fedhas
Gozag
Hepliaklqana
Kikubaaqudgha
Makhleb
Nemelex Xobeh
Okawaru
Qazlal
Ru
Sif Muna
Trog
Uskayaw
Vehumet
Wu Jian
Xom
Yredelemnul
Zin
The Shining One

Shops:
D:4 (   D:5 %   D:9 *!   D:11 %

Annotations:
D:11 exclusion: obsidian statue


Innate Abilities, Weirdness & Mutations

Shadows flee at your approach. (+LOS)
You can swim through water.
You cover ground slowly.
You can hop short distances.
You are partially covered in thin metallic scales. (AC +2)
You are agile. (Dex +2)
You are frail. (-10% HP)


Message History

Boing!
Items here: )) ÷÷ a +0 giant club; a cursed -3 giant spiked club; a two-headed ogre skeleton a hippogriff skeleton
Items here: )) [[ a +3 short sword; a +0 robe; a +1 battleaxe; a +0 robe You start resting.
The cyclops is too close now for your liking.
You can feel time thicken for a moment.
You are feeling hungry.
You can no longer step out of the flow of time.
Cheibriados lowers the support of your attributes as your movement quickens.
You are too injured to fight recklessly!
Firing (i - inventory)
M - 73 sling bullets (quivered)
Press: ? - help, Shift-Dir - straight line, f - cyclops
Aim: a cyclops (moderately wounded)
You shoot a sling bullet. The sling bullet hits the cyclops.
The cyclops is moderately wounded.
The cyclops throws a large rock.
The large rock hits you!!
You die...

.C. #.# #.#.#.# # .(. #.#
#...#.#### ).. #.# ##........
#.# #^####........ ##.##
########..##...#.####
##.(.####.C.)....†.......# #
..
#.()[.##..###C#.####....#####
#..###(###...###...#
##.#......
#..........÷..@..># #...###)#
.....##..###.######## #..##
#.# ..## #.## #.# #..# #..
#.# #.# #..# ### .......(#
#.# ### #..###### #.###.###
#.. ..# #........ #. ### #.#
##.###### # #.# ##.## #.#
##.#.#####


You could see a cyclops.

Vanquished Creatures
  3 two-headed ogres
  A tengu warrior (D:10)
  A cyclops (D:11)
  A manticore (D:11)
  Joseph (D:8)
  A tengu conjurer (D:11)
  A komodo dragon (D:11)
  A queen bee (D:10)
  3 hippogriffs
  12 yaks
  2 hungry ghosts
  Edmund (D:4)
  A water moccasin (D:11)
  Duvessa (D:5)
  2 orc warriors
  2 sky beasts
  A black bear (D:8)
  An ice beast (D:5)
  2 phantoms (D:10)
  2 ogres
  3 necrophages
  2 centaurs (D:5)
  Blork the orc (D:4)
  3 big kobolds
  Dowan (D:5)
  10 bullfrogs
  A gnoll sergeant (D:7)
  5 scorpions
  29 killer bees
  9 wights
  10 crimson imps
  5 hounds
  A bullfrog skeleton (D:7)
  A jelly (D:4)
  5 orc wizards
  2 iguanas
  6 worker ants
  A big kobold zombie (Ossuary)
  4 mummies (Ossuary)
  A worker ant zombie (D:11)
  A howler monkey skeleton (D:7)
  7 gnolls
  8 adders
  3 shadow imps
  An ooze (D:1)
  An adder zombie (D:8)
  2 adder skeletons
  4 worms
  A dart slug (D:1)
  5 leopard geckos
  17 orcs
  A ball python (D:1)
  3 giant cockroaches
  5 goblins
  8 hobgoblins
  22 kobolds
  3 quokkas
  4 bats
  7 frilled lizards
  2 gnoll zombies (Ossuary)
  A hobgoblin zombie (Ossuary)
  2 kobold zombies (Ossuary)
  A leopard gecko skeleton (D:5)
  A leopard gecko zombie (D:5)
  2 orc zombies (Ossuary)
  9 rats
261 creatures vanquished.

Vanquished Creatures (others)
  A centaur (D:11)
1 creature vanquished.

Grand Total: 262 creatures vanquished

Notes
Turn   | Place    | Note
-------+----------+-------------------------------------------
     0 | D:1      | slphil the Barachi Fighter began the quest for the Orb.
     0 | D:1      | Reached XP level 1. HP: 18/18 MP: 1/1
   112 | D:1      | Reached XP level 2. HP: 25/25 MP: 2/2
   207 | D:1      | Reached skill level 3 in Long Blades
   687 | D:1      | Reached XP level 3. HP: 30/30 MP: 3/3
  1006 | D:2      | Found a stormy altar of Qazlal.
  1318 | D:2      | Reached XP level 4. HP: 37/37 MP: 4/4
  1617 | D:2      | Reached skill level 4 in Long Blades
  1816 | D:3      | Reached XP level 5. HP: 31/43 MP: 5/5
  2127 | D:3      | Found a bloodstained altar of Trog.
  2246 | D:3      | Found a hazy altar of Hepliaklqana.
  2365 | D:3      | Found a shadowy altar of Dithmenos.
  2707 | D:4      | Reached XP level 6. HP: 42/49 MP: 6/6
  2742 | D:4      | Found Duesm's Antique Weapon Emporium.
  2794 | D:4      | Reached skill level 5 in Long Blades
  2964 | D:4      | Noticed Blork the orc
  2972 | D:4      | Killed Blork the orc
  3099 | D:4      | Noticed Edmund
  3124 | D:4      | Killed Edmund
  3124 | D:4      | Reached skill level 5 in Fighting
  3124 | D:4      | Reached skill level 5 in Armour
  3244 | D:5      | Entered Level 5 of the Dungeon
  3249 | D:4      | Reached XP level 7. HP: 47/56 MP: 7/7
  3281 | D:5      | Noticed Duvessa
  3281 | D:5      | Noticed Dowan
  3303 | D:5      | Killed Duvessa
  3303 | D:5      | Reached skill level 6 in Long Blades
  3321 | D:5      | Killed Dowan
  3321 | D:5      | Reached skill level 5 in Shields
  3641 | D:5      | Found Ami Vif's Food Shoppe.
  3664 | D:5      | Reached skill level 7 in Long Blades
  3664 | D:5      | Reached XP level 8. HP: 41/64 MP: 8/8
  4096 | D:5      | Found a staircase to the Ecumenical Temple.
  4107 | Temple   | Entered the Ecumenical Temple
  4332 | Temple   | Became a worshipper of Cheibriados the Contemplative
  4837 | D:7      | Found a sand-covered staircase.
  4857 | D:7      | Reached skill level 8 in Long Blades
  4871 | Ossuary  | Entered an ossuary
  4894 | Ossuary  | Reached skill level 1 in Dodging
  5242 | D:7      | Reached * piety under Cheibriados
  5363 | D:7      | Found a burning altar of Makhleb.
  5365 | D:7      | Found a glowing silver altar of Zin.
  5365 | D:7      | Noticed an angel
  5366 | D:7      | Noticed an Executioner
  5429 | D:7      | Reached XP level 9. HP: 71/71 MP: 9/9
  5587 | D:7      | Found a blossoming altar of Fedhas.
  5822 | D:8      | Reached ** piety under Cheibriados
  5856 | D:8      | Found a shattered altar of Ashenzari.
  5880 | D:8      | Reached skill level 9 in Long Blades
  6067 | D:8      | Noticed a two-headed ogre
  6081 | D:8      | Killed a two-headed ogre
  6081 | D:8      | Reached skill level 5 in Dodging
  6482 | D:8      | Noticed Joseph
  6501 | D:8      | Killed Joseph
  6501 | D:8      | Reached skill level 10 in Long Blades
  6501 | D:8      | Reached XP level 10. HP: 38/80 MP: 10/10
  6978 | D:8      | Found an ornate altar of the Wu Jian Council.
  7312 | D:8      | Gained mutation: Your body sometimes deteriorates upon
                  | taking damage. [potion of mutation]
  7312 | D:8      | Gained mutation: Your mind is acute. (Int +2) [potion of
                  | mutation]
  7313 | D:8      | Lost mutation: Your body sometimes deteriorates upon taking
                  | damage. [potion of mutation]
  7313 | D:8      | Gained mutation: You are frail. (-10% HP) [potion of
                  | mutation]
  7313 | D:8      | Gained mutation: You are occasionally teleported next to
                  | monsters. [potion of mutation]
  7313 | D:8      | Gained mutation: Your flesh is heat resistant. (rF+)
                  | [potion of mutation]
  7314 | D:8      | Lost mutation: Your flesh is heat resistant. (rF+) [potion
                  | of mutation]
  7314 | D:8      | Lost mutation: Your mind is acute. (Int +2) [potion of
                  | mutation]
  7314 | D:8      | Lost mutation: You are occasionally teleported next to
                  | monsters. [potion of mutation]
  7314 | D:8      | Gained mutation: You are partially covered in thin metallic
                  | scales. (AC +2) [potion of mutation]
  7314 | D:8      | Gained mutation: You are agile. (Dex +2) [potion of
                  | mutation]
  7349 | D:9      | Found Giarphid's General Store.
  7413 | D:9      | Reached *** piety under Cheibriados
  7706 | D:9      | Found Ystead's Distillery.
  7709 | D:9      | Bought a potion of resistance for 120 gold pieces
  7923 | D:10     | Entered Level 10 of the Dungeon
  8320 | D:10     | Found a staircase to the Lair.
  8462 | D:10     | Reached skill level 11 in Long Blades
  8678 | D:10     | Reached **** piety under Cheibriados
  9078 | D:10     | Reached skill level 1 in Invocations
  9291 | D:10     | Reached XP level 11. HP: 79/80 MP: 12/12
  9321 | D:10     | Reached ***** piety under Cheibriados
  9329 | D:10     | Reached skill level 12 in Long Blades
  9464 | D:10     | Noticed a tengu warrior
  9497 | D:10     | Killed a tengu warrior
  9795 | D:11     | Found a glowing silver altar of Zin.
  9870 | D:11     | Found Ganoemn's Food Boutique.
  9880 | D:11     | Noticed a two-headed ogre
  9890 | D:11     | Killed a two-headed ogre
  9890 | D:11     | Reached skill level 5 in Invocations
 10029 | D:11     | Noticed an obsidian statue
 10035 | D:11     | Noticed a sun demon
 10322 | D:11     | Noticed a two-headed ogre
 10343 | D:11     | Killed a two-headed ogre
 10343 | D:11     | Reached skill level 13 in Long Blades
 10405 | D:11     | Noticed a cyclops
 10423 | D:11     | Noticed a manticore
 10436 | D:11     | Killed a cyclops
 10440 | D:11     | Identified the +4 hand axe of World Downfall {speed, +Inv
                  | rElec Str-3 Dex+2}
 10444 | D:11     | Killed a manticore
 10444 | D:11     | Reached skill level 14 in Long Blades
 10474 | D:11     | Noticed a cyclops
 10494 | D:11     | Hit by a large rock thrown by a cyclops

Levels and vault maps discovered:

Skill      XL: |  1  2  3  4  5  6  7  8  9 10 11 |
---------------+----------------------------------+-----
Long Blades    | 3 4 5 7 8 10 11 14 | 14.1
Armour         | 4 5 6 7 9 |  9.0
Fighting       | 4 5 6 7 9 |  9.0
Shields        | 4 5 6 7 8 |  8.2
Dodging        | 2 5 |  5.0
Invocations    | 2 6 |  6.0

Action                   |  1- 3 |  4- 6 |  7- 9 | 10-12 || total
-------------------------+-------+-------+-------+-------++-------
Melee: Long sword        |    73 |   175 |   464 |   368 ||  1080
       Falchion          |       |       |       |   190 ||   190
 Fire: Hunting sling     |       |       |       |    52 ||    52
Invok: Slouch            |       |       |       |     4 ||     4
 Abil: Hop               |       |       |       |     6 ||     6
  Use: Scroll            |       |     5 |     8 |     1 ||    14
       Potion            |       |     2 |     2 |     5 ||     9
  Eat: Chunk             |     2 |     7 |     7 |    10 ||    26
       Ration            |       |       |     1 |     1 ||     2
Armor: Scale mail        |    16 |       |       |       ||    16
       Chain mail        |    21 |    98 |   150 |   166 ||   435
Dodge: Dodged            |    14 |    35 |    87 |   171 ||   307
Block: Shield            |    30 |   114 |   300 |   531 ||   975
       Reflection        |       |       |     9 |    15 ||    24
       Rpst.: Long sword |    10 |    12 |    27 |    24 ||    73
       Falchion          |       |       |       |    12 ||    12

Table legend:
 A = Non-vault XP
 B = Vault XP
 C = Vault XP percentage of total XP
 D = Non-vault monster count
 E = Vault monster count
 F = Vault count percentage of total count
                 A         B        C        D         E       F
            +---------+---------+-------+---------+---------+-------
      Total |   10509 |    7587 |  41.9 |     198 |      64 |  24.4
            +---------+---------+-------+---------+---------+-------
        D:1 |      35 |       0 |   0.0 |      18 |       0 |   0.0
        D:2 |      89 |       6 |   6.3 |      20 |       2 |   9.1
        D:3 |     147 |       0 |   0.0 |      21 |       0 |   0.0
        D:4 |      90 |     256 |  74.0 |       5 |       2 |  28.6
        D:5 |     588 |     304 |  34.1 |      15 |       3 |  16.7
        D:6 |     223 |       0 |   0.0 |       6 |       0 |   0.0
        D:7 |     840 |       0 |   0.0 |      23 |       0 |   0.0
        D:8 |    1993 |     434 |  17.9 |      29 |       1 |   3.3
        D:9 |     248 |     124 |  33.3 |       9 |       2 |  18.2
       D:10 |    3267 |    2651 |  44.8 |      29 |      26 |  47.3
       D:11 |    2989 |    3707 |  55.4 |      23 |      16 |  41.0
    Ossuary |       0 |     105 | 100.0 |       0 |      12 | 100.0
            +---------+---------+-------+---------+---------+-------
